[ AOE2 MATCH · #461791069 ]
Team EWHindustanis vs Gurjaras
[ REPLAY ANALYSIS · EXTRACTED FROM THE RECORDED GAME ]
Feudal
—
Castle
—
Imperial
—
| APM avg | 14.3 |
| APM peak | 26 |
| eAPM avg | 9.0 |
| Villagers / military | 10 / 0 |
Focus
⚔️ 5.1% · 🌾 94.9%
Feudal
—
Castle
—
Imperial
—
| APM avg | 75.2 |
| APM peak | 101 |
| eAPM avg | 19.3 |
| Villagers / military | 17 / 12 |
Focus
⚔️ 30.6% · 🌾 69.4%
Archer ×11 · Spearman ×1
Feudal
—
Castle
—
Imperial
—
| APM avg | 20.3 |
| APM peak | 37 |
| eAPM avg | 12.4 |
| Villagers / military | 11 / 7 |
Focus
⚔️ 33.9% · 🌾 66.1%
Serjeant ×7
Feudal
—
Castle
—
Imperial
—
| APM avg | 40.3 |
| APM peak | 48 |
| eAPM avg | 24.6 |
| Villagers / military | 21 / 0 |
Focus
⚔️ 40.8% · 🌾 59.2%
Unknown (2550) ×23
Feudal
—
Castle
—
Imperial
—
| APM avg | 26.5 |
| APM peak | 75 |
| eAPM avg | 10.8 |
| Villagers / military | 15 / 0 |
Focus
⚔️ 11.6% · 🌾 88.4%
Feudal
—
Castle
—
Imperial
—
| APM avg | 43.0 |
| APM peak | 62 |
| eAPM avg | 21.2 |
| Villagers / military | 32 / 8 |
Focus
⚔️ 31.2% · 🌾 68.8%
Scout Cavalry ×8
Feudal
—
Castle
—
Imperial
—
| APM avg | 0.7 |
| APM peak | 2 |
| eAPM avg | 0.7 |
| Villagers / military | 0 / 0 |
Focus
⚔️ 100.0% · 🌾 0.0%
Feudal
—
Castle
—
Imperial
—
| APM avg | 31.9 |
| APM peak | 38 |
| eAPM avg | 24.6 |
| Villagers / military | 25 / 11 |
Focus
⚔️ 33.3% · 🌾 66.7%
Camel Scout ×11
Match map
Resources at game start + every placement click. Thick line = wall · dashed box = detected house wall. 🟡 gold · ⚪ stone · 🟢 berries · 🔶 boar · ⭕ relic
Inputs per minute
— 香魚王徐董 - - Floppy Pickles
Build order — 香魚王徐董
24 actions detected in the replay
| 0:05 | Create | Villager (Male) |
| 0:13 | Research | Double-Bit Axe |
| 0:16 | Create | Villager (Male) |
| 0:16 | Create | Villager (Male) |
| 0:16 | Create | Villager (Male) |
| 0:41 | Create | Villager (Male) |
| 0:56 | Create | Villager (Male) |
| 1:02 | Research | Horse Collar |
| 1:03 | Research | Horse Collar |
| 1:31 | Build | Farm |
| 1:34 | Create | Villager (Male) |
| 1:37 | Build | Farm |
| 1:40 | Create | Villager (Male) |
| 1:58 | Build | Farm |
| 2:02 | Build | Farm |
| 2:17 | Research | Wheelbarrow |
| 2:31 | Build | House |
| 2:33 | Build | House |
| 2:45 | Build | Market |
| 2:51 | Create | Villager (Male) |
| 2:51 | Create | Villager (Male) |
| 3:00 | Build | House |
| 3:54 | Build | Palisade Wall |
| 3:58 | Build | Palisade Wall |
Build order — Floppy Pickles
44 actions detected in the replay
| 0:02 | Create | Villager (Male) |
| 0:02 | Create | Villager (Male) |
| 0:02 | Create | Villager (Male) |
| 0:09 | Create | Villager (Male) |
| 0:12 | Build | Archery Range |
| 0:20 | Build | House |
| 0:30 | Create | Villager (Male) |
| 0:34 | Research | Double-Bit Axe |
| 0:35 | Research | Double-Bit Axe |
| 0:44 | Create | Spearman |
| 1:11 | Create | Villager (Male) |
| 1:14 | Build | Archery Range |
| 1:26 | Create | Archer |
| 1:29 | Create | Archer |
| 1:30 | Create | Villager (Male) |
| 1:37 | Research | Fletching |
| 1:38 | Create | Villager (Male) |
| 1:43 | Create | Archer |
| 1:47 | Build | Farm |
| 1:52 | Create | Villager (Male) |
| 1:54 | Build | House |
| 1:58 | Create | Archer |
| 2:08 | Build | House |
| 2:26 | Create | Villager (Male) |
| 2:32 | Create | Archer |
| 2:33 | Create | Archer |
| 2:33 | Create | Archer |
| 2:33 | Create | Archer |
| 3:21 | Create | Archer |
| 3:22 | Create | Villager (Male) |
| 3:27 | Build | Market |
| 3:36 | Create | Villager (Male) |
| 3:38 | Create | Villager (Male) |
| 3:43 | Build | Mill |
| 3:56 | Create | Villager (Male) |
| 4:00 | Build | House |
| 4:06 | Create | Archer |
| 4:06 | Create | Archer |
| 4:08 | Create | Villager (Male) |
| 4:18 | Create | Villager (Male) |
| 4:20 | Build | Farm |
| 5:29 | Create | Villager (Male) |
| 5:42 | Research | Castle Age |
| 5:42 | Research | Castle Age |
Build order — Leo Derek
31 actions detected in the replay
| 0:02 | Create | Villager (Male) |
| 0:03 | Create | Villager (Male) |
| 0:37 | Create | Villager (Male) |
| 0:54 | Create | Villager (Male) |
| 1:05 | Build | Donjon |
| 1:09 | Build | Mining Camp |
| 1:19 | Create | Villager (Male) |
| 1:21 | Build | House |
| 1:34 | Build | House |
| 1:59 | Research | Scale Mail Armor |
| 1:59 | Research | Forging |
| 2:01 | Research | Arson |
| 2:23 | Build | House |
| 2:24 | Build | House |
| 2:27 | Create | Villager (Male) |
| 2:27 | Create | Villager (Male) |
| 2:44 | Create | Serjeant |
| 2:44 | Create | Serjeant |
| 2:46 | Create | Serjeant |
| 2:47 | Create | Serjeant |
| 2:47 | Create | Serjeant |
| 3:09 | Create | Serjeant |
| 3:26 | Build | House |
| 3:27 | Create | Villager (Male) |
| 3:28 | Create | Villager (Male) |
| 3:45 | Create | Villager (Male) |
| 3:48 | Create | Serjeant |
| 3:54 | Build | House |
| 4:16 | Build | Donjon |
| 4:22 | Research | Fletching |
| 4:23 | Create | Villager (Male) |
Build order — Floop
48 actions detected in the replay
| 0:01 | Create | Villager (Male) |
| 0:01 | Create | Villager (Male) |
| 0:02 | Create | Villager (Male) |
| 0:06 | Create | Unit 2550 |
| 0:06 | Create | Unit 2550 |
| 0:16 | Build | Barracks |
| 0:19 | Build | House |
| 0:43 | Create | Unit 2550 |
| 0:45 | Research | Tech 1402 |
| 0:47 | Create | Unit 2550 |
| 0:47 | Create | Unit 2550 |
| 1:08 | Create | Unit 2550 |
| 1:08 | Create | Unit 2550 |
| 1:23 | Build | Farm |
| 1:24 | Build | Farm |
| 1:27 | Create | Unit 2550 |
| 1:28 | Create | Unit 2550 |
| 1:45 | Create | Villager (Male) |
| 1:47 | Build | House |
| 1:48 | Build | Farm |
| 1:49 | Build | Farm |
| 1:52 | Create | Villager (Male) |
| 2:02 | Create | Villager (Male) |
| 2:16 | Create | Villager (Male) |
| 2:17 | Create | Villager (Male) |
| 2:24 | Build | Settlement |
| 2:34 | Create | Villager (Male) |
| 2:42 | Create | Unit 2550 |
| 2:56 | Create | Villager (Male) |
| 2:57 | Create | Villager (Male) |
| 3:29 | Create | Villager (Male) |
| 3:32 | Create | Unit 2550 |
| 3:32 | Create | Unit 2550 |
| 3:33 | Create | Unit 2550 |
| 3:38 | Create | Villager (Male) |
| 3:49 | Research | Arson |
| 3:50 | Create | Unit 2550 |
| 3:51 | Create | Unit 2550 |
| 3:54 | Create | Villager (Male) |
| 3:55 | Create | Villager (Male) |
| 3:56 | Create | Villager (Male) |
| 4:24 | Create | Villager (Male) |
| 4:25 | Create | Villager (Male) |
| 4:37 | Create | Villager (Male) |
| 4:52 | Create | Villager (Male) |
| 5:03 | Create | Unit 2550 ×4 |
| 5:04 | Create | Unit 2550 ×4 |
| 5:20 | Create | Villager (Male) |
Build order — Calabacin
24 actions detected in the replay
| 0:08 | Research | Double-Bit Axe |
| 0:09 | Research | Double-Bit Axe |
| 0:09 | Research | Horse Collar |
| 0:09 | Research | Horse Collar |
| 0:10 | Research | Horse Collar |
| 0:46 | Build | Mill |
| 0:52 | Create | Villager (Male) ×3 |
| 1:42 | Create | Villager (Male) ×3 |
| 1:42 | Create | Villager (Male) ×3 |
| 2:02 | Build | House |
| 2:34 | Build | Stable |
| 2:37 | Build | Stable |
| 2:40 | Build | Stable |
| 2:52 | Create | Villager (Male) |
| 3:04 | Build | Market |
| 3:10 | Build | House |
| 3:11 | Build | House |
| 3:13 | Build | House |
| 3:14 | Build | House |
| 3:15 | Build | House |
| 3:19 | Create | Villager (Male) ×5 |
| 3:51 | Build | Stone Wall |
| 4:16 | Build | Building 665 |
| 4:21 | Build | Stone Wall |
Build order — Linkn00
58 actions detected in the replay
| 0:05 | Research | Double-Bit Axe |
| 0:06 | Create | Villager (Male) ×2 |
| 0:39 | Create | Villager (Male) ×2 |
| 0:49 | Build | Stable |
| 1:04 | Research | Horse Collar |
| 1:09 | Build | Farm |
| 1:09 | Create | Villager (Male) |
| 1:09 | Create | Villager (Male) |
| 1:26 | Create | Villager (Male) |
| 1:26 | Create | Villager (Male) |
| 1:26 | Create | Villager (Male) |
| 1:32 | Create | Villager (Male) |
| 1:32 | Create | Villager (Male) |
| 1:35 | Build | Stable |
| 1:40 | Build | Stable |
| 1:44 | Create | Scout Cavalry |
| 1:44 | Create | Scout Cavalry |
| 1:48 | Create | Villager (Male) |
| 1:48 | Create | Villager (Male) |
| 1:54 | Build | House |
| 2:12 | Create | Villager (Male) ×2 |
| 2:15 | Create | Villager (Male) |
| 2:19 | Build | Farm |
| 2:24 | Create | Scout Cavalry |
| 2:24 | Create | Scout Cavalry |
| 2:25 | Create | Scout Cavalry |
| 2:25 | Create | Scout Cavalry |
| 2:35 | Build | House |
| 2:38 | Create | Villager (Male) |
| 2:42 | Create | Villager (Male) |
| 2:43 | Create | Villager (Male) |
| 2:43 | Create | Villager (Male) |
| 3:03 | Build | Mill |
| 3:08 | Build | Farm |
| 3:11 | Create | Scout Cavalry |
| 3:11 | Create | Scout Cavalry |
| 3:24 | Create | Villager (Male) |
| 3:30 | Build | House |
| 3:30 | Create | Villager (Male) |
| 3:30 | Create | Villager (Male) |
| 3:31 | Create | Villager (Male) |
| 3:35 | Create | Villager (Male) |
| 3:36 | Create | Villager (Male) |
| 3:42 | Build | Farm |
| 3:44 | Build | Farm |
| 3:48 | Create | Villager (Male) |
| 3:52 | Create | Villager (Male) |
| 3:56 | Build | Lumber Camp |
| 4:07 | Build | Farm |
| 4:32 | Build | Farm |
| 4:33 | Create | Villager (Male) |
| 4:44 | Create | Villager (Male) |
| 5:08 | Build | Farm |
| 5:10 | Create | Villager (Male) |
| 5:13 | Create | Villager (Male) |
| 5:38 | Build | Farm |
| 5:39 | Build | Farm |
| 5:41 | Build | Farm |
Build order — GokuSSUI
0 actions detected in the replay
Build order — Hexi
61 actions detected in the replay
| 0:01 | Create | Villager (Male) |
| 0:02 | Create | Villager (Male) |
| 0:07 | Create | Villager (Male) |
| 0:12 | Build | Stable |
| 0:20 | Create | Villager (Male) |
| 0:38 | Research | Double-Bit Axe |
| 0:39 | Create | Villager (Male) |
| 0:57 | Create | Camel Scout |
| 1:01 | Create | Villager (Male) |
| 1:03 | Build | House |
| 1:07 | Build | House |
| 1:08 | Build | House |
| 1:11 | Create | Villager (Male) |
| 1:16 | Build | Farm |
| 1:19 | Create | Camel Scout |
| 1:25 | Create | Villager (Male) |
| 1:36 | Create | Villager (Male) |
| 1:38 | Build | Farm |
| 1:41 | Create | Camel Scout |
| 1:41 | Create | Villager (Male) |
| 1:52 | Build | Farm |
| 2:03 | Create | Villager (Male) |
| 2:08 | Create | Villager (Male) |
| 2:13 | Build | Farm |
| 2:33 | Create | Villager (Male) |
| 2:39 | Create | Camel Scout |
| 2:39 | Create | Villager (Male) |
| 2:45 | Build | Farm |
| 2:50 | Research | Horse Collar |
| 3:00 | Create | Camel Scout |
| 3:00 | Create | Villager (Male) |
| 3:24 | Create | Camel Scout |
| 3:26 | Create | Villager (Male) |
| 3:28 | Build | Farm |
| 3:34 | Create | Villager (Male) |
| 3:45 | Create | Villager (Male) |
| 4:00 | Create | Camel Scout |
| 4:03 | Create | Villager (Male) |
| 4:21 | Research | Forging |
| 4:22 | Create | Villager (Male) |
| 4:25 | Build | Mill |
| 4:26 | Build | Farm |
| 4:26 | Build | Farm |
| 4:26 | Build | Farm |
| 4:26 | Build | Farm |
| 4:27 | Build | Farm |
| 4:29 | Create | Camel Scout |
| 4:54 | Build | Farm |
| 4:54 | Build | Farm |
| 4:54 | Build | Farm |
| 4:56 | Create | Villager (Male) |
| 4:57 | Create | Villager (Male) |
| 5:11 | Research | Bloodlines |
| 5:30 | Create | Camel Scout ×3 |
| 5:31 | Create | Villager (Male) |
| 5:31 | Create | Villager (Male) |
| 5:33 | Build | House |
| 5:33 | Build | House |
| 5:34 | Build | House |
| 5:34 | Build | House |
| 5:37 | Create | Villager (Male) |
Match timeline
| 0:12 | Floppy Pickles · first_building Archery Range |
| 0:12 | Hexi · first_building Stable |
| 0:16 | Floop · first_building Barracks |
| 0:49 | Linkn00 · first_building Stable |
| 1:05 | Leo Derek · first_building Donjon |
| 2:34 | Calabacin · first_building Stable |
| 3:51 | Calabacin · wall_segment Stone Wall x15 |
| 3:54 | 香魚王徐董 · wall_segment Palisade Wall x8 |
| 3:58 | 香魚王徐董 · wall_segment Palisade Wall x1 |
| 4:20 | 香魚王徐董 · resign |
| 4:21 | Calabacin · wall_segment Stone Wall x2 |
| 5:31 | Floppy Pickles · first_market_sell 100 wood |
| 5:34 | Floppy Pickles · first_market_buy 100 food |
[ AI ANALYSIS · 1 CREDIT ]
What really happened in this match?
Wolo.gg analyzes every decision: build order, eco, micro, common mistakes by bracket. Personalized analysis on WhatsApp or Discord in 30 seconds.
Civ guide
Hindustanis
Map guide
Enclosed
Perfil
香魚王徐董